 Dungeon Crawl Stone Soup version 0.29.1-12-g30fa7ad0bf (webtiles) character file.

Game seed: 14480157052585102414

44 rakiston the Chopper (level 3, -4/34 HPs)
             Began as a Minotaur Berserker on Dec 22, 2022.
             Was a Follower of Trog.
             Slain by a hobgoblin
             ... wielding the +6 quarterstaff of Context {freeze, Drain Str+6 Stlth+}
              (5 damage)
             ... on level 2 of the Dungeon on Dec 23, 2022.
             The game lasted 00:04:50 (1000 turns).

rakiston the Chopper (Minotaur Berserker)           Turns: 1000, Time: 00:04:52

Health: -4/34      AC:  3    Str: 23    XL:     3   Next: 41%
Magic:  2/2        EV: 12    Int:  4    God:    Trog [*.....]
Gold:   76         SH:  0    Dex:  9    Spells: 2/2 levels left

rFire   . . .      SeeInvis .   a - +0 hand axe
rCold   . . .      Faith    .   (no shield)
rNeg    . . .      Spirit   .   b - +1 animal skin
rPois   .          Reflect  .   (helmet restricted)
rElec   .          Harm     .   (no cloak)
rCorr   .          Rampage  .   (no gloves)
Will    .....                   (no boots)
Stlth   +.........              (no amulet)
HPRegen 0.11/turn               (no ring)
MPRegen 0.08/turn               (no ring)

@: no status effects
A: horns 2, retaliatory headbutt
a: Renounce Religion, Berserk


You were on level 2 of the Dungeon.
You worshipped Trog.
Trog was aware of your devotion.
You visited 1 branch of the dungeon, and saw 2 of its levels.

You collected 76 gold pieces.

Inventory:

Hand Weapons
 a - a +0 hand axe (weapon)
Armour
 b - a +1 animal skin (worn)
Jewellery
 h - a ring of poison resistance
Scrolls
 c - a scroll of poison {unknown}
 d - a scroll of enchant weapon {unknown}
 f - a scroll of enchant armour
 i - a scroll of fog {unknown}
 j - a scroll of noise {unknown}
 k - a scroll of brand weapon {unknown}
Potions
 e - a potion of lignification {unknown}
 g - a potion of curing


   Skills:
 + Level 4.3 Fighting
 + Level 4.8 Axes
 - Level 2.5 Armour
 - Level 2.2 Dodging


You had 2 spell levels left.
You didn't know any spells.
Your spell library was empty.

Dungeon Overview and Level Annotations

Branches:
Dungeon (2/15)

Altars:


Innate Abilities, Weirdness & Mutations

You have a pair of horns on your head.
You reflexively headbutt those who attack you in melee.


Message History

The goblin throws a stone.
The stone barely misses you.
Things that are here:
a +0 club; a hobgoblin corpse; a goblin corpse You hit the goblin.
The goblin is moderately wounded.
The goblin hits you but does no damage.
You slash the goblin!
You kill the goblin!
Trog accepts your kill.
You hit the orc. The orc hits you with a +0 whip.
You hit the orc but do no damage. Your headbutt misses the orc.
The orc is lightly wounded.
The orc hits you with a +0 whip.
You hit the orc but do no damage.
The orc is lightly wounded.
The orc hits you with a +0 whip.
You hit the orc.
The orc is severely wounded.
The orc hits you with a +0 whip.
* * * LOW HITPOINT WARNING * * *
You hit the orc but do no damage. You headbutt the orc.
You kill the orc!
Trog accepts your kill.
Found 7 gold pieces.
Things that are here:
a +0 club; 4 stones; a goblin corpse
k - a scroll labelled VATEAW RAEZEIG You see here 8 gold pieces.
A hobgoblin comes into view.
It is wielding the +6 quarterstaff of Context {freeze, Drain Str+6 Stlth+}.
The hobgoblin shouts!
The orc shouts!
It was a potion of curing.
You feel better.
You see here 4 stones.
You hit the orc but do no damage. The orc hits you but does no damage.
You closely miss the orc. The orc hits you with a +0 flail.
You barely miss the orc. Your headbutt misses the orc.
You completely miss the hobgoblin. The orc hits you with a +0 flail.
The hobgoblin hits you with the +6 quarterstaff of Context {freeze, Drain Str+6 Stlth+}!
* * * LOW HITPOINT WARNING * * *
The hobgoblin freezes you.
You die...

## ##. # .. .#
###. #.#.#
##..8##.##.#.# .
#..##$.# #.#.#
....#..g...###.#.#
#...$o@...##.#.#
#.#..###.)##.#.#
#.# #.#))#.#.# ##
.####)..#.#
....###.#.#
........#.#
...##.#.#.#
#.#.#.# # #.#.#


You could see an orc and a hobgoblin.

Vanquished Creatures
  A gnoll (D:1)
  2 orcs (D:2)
  5 bats (D:1)
  An endoplasm (D:1)
  5 goblins
  2 hobgoblins
  4 jackals (D:1)
  2 kobolds (D:1)
  3 quokkas (D:1)
  2 ball pythons (D:1)
  2 rats (D:1)
29 creatures vanquished.

Notes
Turn   | Place    | Note
-------+----------+-------------------------------------------
     0 | D:1      | rakiston the Minotaur Berserker began the quest for the
                  | Orb.
     0 | D:1      | Reached XP level 1. HP: 19/19 MP: 0/0
    51 | D:1      | Reached XP level 2. HP: 19/27 MP: 1/1
   401 | D:1      | Reached XP level 3. HP: 27/33 MP: 2/2
   451 | D:1      | Found a faded altar of an unknown god.
   995 | D:2      | Identified the +6 quarterstaff of Context {freeze, Drain
                  | Str+6 Stlth+}
  1000 | D:2      | HP: 1/34 [hobgoblin/the +6 quarterstaff of Context {freeze,
                  | Drain Str+6 Stlth+} (11)]
  1000 | D:2      | Slain by a hobgoblin

Illustrated notes

Levels and vault maps discovered:
D:1:      scummos_arrival_star, layout_loops_ring,
          hellmonk_ecumenical_altar_crossroads, minmay_statues_item,
          minmay_crystal_water, chequers_serial_rivers_micro_b,
          serial_park_tiny_2
D:2:      layout_basic, serial_shops, nicolae_shop_behind_doors, basic_altar,
          st_stairs_9, guppyfry_early_orc_mine, uniq_terence

Skill      XL: |  1  2 |
---------------+-------+-----
Axes           | 4 |  4.8
Fighting       | 4 |  4.3
Armour         | |  2.5
Dodging        | |  2.2

Action                   || total
-------------------------++-------
Melee: Hand axe          ||    66
       Headbutt          ||     7
  Use: Scroll            ||     1
       Potion            ||     1
 Stab: Sleeping          ||     2
Armor: Animal skin       ||    12
Dodge: Dodged            ||    29
